 Dungeon Crawl Stone Soup version 0.20-a0-1122-gb7cbeb9 (webtiles) character file.

35 Alarkh the Digger (level 3, 24/24 HPs)
             Began as a Demonspawn Earth Elementalist on May 14, 2017.
             Got out of the dungeon alive.
             The game lasted 00:01:10 (1093 turns).

Alarkh the Digger (Demonspawn Earth Elementalist)   Turns: 1093, Time: 00:01:10

Health: 24/24      AC:  2    Str:  8    XL:     3   Next: 17%
Magic:  7/7        EV: 12    Int: 17    God:
Gold:   36         SH:  0    Dex: 13    Spells: 6/7 levels left

rFire    + . .     SeeInvis .   (no weapon)
rCold    . . .     Gourm    .   (no shield)
rNeg     . . .     Faith    .   o - +0 robe {MR+}
rPois    +         Spirit   .   (helmet restricted)
rElec    .         Reflect  .   (no cloak)
rCorr    .         Harm     .   (no gloves)
MR       +....                  (no boots)
Stlth    ++........             (no amulet)
Regen    0.1/turn               j - ring of poison resistance
MPRegen  0.1/turn               (no ring)

@: no status effects
A: antennae 1, fire resistance 1
a: no special abilities


You escaped.
You were not hungry.

You visited 1 branch of the dungeon, and saw 2 of its levels.

You collected 36 gold pieces.

Inventory:

Missiles
 b - 64 stones (quivered)
Armour
 c - a +0 robe
 o - a +0 robe of magic resistance (worn)
Jewellery
 j - a ring of poison resistance (left hand)
Scrolls
 e - a scroll of identify
 f - a scroll of teleportation {unknown}
 h - 2 scrolls of remove curse
Potions
 a - a potion of invisibility
 i - a potion of heal wounds {unknown}
 l - a potion of brilliance {unknown}
 p - a potion of curing {unknown}
 q - a potion of agility {unknown}
Books
 g - a book of Geomancy

   Spells                             Type                      Level
   a - Sandblast                      Earth                        1
   b - Passwall                       Transmutation/Earth          2
   c - Stone Arrow                    Conjuration/Earth            3
   d - Petrify                        Transmutation/Earth          4
   e - Lee's Rapid Deconstruction     Earth                        5
Comestibles
 d - 3 bread rations
 k - 5 chunks of flesh
 m - 4 fruits
 n - a meat ration


   Skills:
 - Level 1.7 Dodging
 - Level 1.7 Stealth
 + Level 2.7 Spellcasting
   Level 0.8 Transmutations
 + Level 3.3 Earth Magic


You had 6 spell levels left.
You knew the following spells:

 Your Spells              Type           Power        Failure   Level  Hunger
a - Sandblast             Erth           ##....       4%          1    #......


Dungeon Overview and Level Annotations

Branches:
Dungeon (2/15)

Altars:


Innate Abilities, Weirdness & Mutations

You have a pair of small antennae on your head.
Your flesh is heat resistant. (rF+)


Message History

Press: ? - help, Shift-Dir - straight line, f - goblin
Aim: a goblin, wielding a club The blast of sand misses the goblin.
b - 65 stones
Casting: Sandblast
Confirm with . or Enter, or press ? or * to list all spells.
Aiming: Sandblast
Press: ? - help, Shift-Dir - straight line, f/p - goblin
Aim: a goblin, wielding a club The blast of sand hits the goblin.
You kill the goblin!
b - 64 stones
There is a stone staircase leading up here.
You climb upwards.
There is a stone staircase leading down here.
Magic restored.
You see here a club.
There is a staircase leading out of the dungeon here.
Are you sure you want to leave the Dungeon?
This will make you lose the game!
You have escaped!

#.......#######.......###..##....
.....###.......###......##.......
..###.............###....#..#....
.#......#######......#...##..#...
#.....### ###.....#...#....#.
#....## ##....#...#....## #....##
##....#...#....# #.....###
###.....#...#....#
.#......#######.@....#...##....#
..###..)..........###....#.....#
.....###.....(.###......##.....#
#.......#######.......###.....##
#####.............######......#
.#.######################.###.#
.....##### #..........# #.#
..##.....## #####.(...## #.#
.#######..######.....##..# #.#


There were no monsters in sight!

Vanquished Creatures
  2 worms (D:2)
  An orc (D:1)
  A ball python (D:1)
  3 bats (D:1)
  4 goblins
  7 hobgoblins
  5 kobolds (D:1)
  A frilled lizard (D:1)
  A rat (D:1)
25 creatures vanquished.

Notes
Turn   | Place    | Note
-------+----------+-------------------------------------------
     0 | D:1      | Alarkh the Demonspawn Earth Elementalist began the quest for the Orb.
     0 | D:1      | Reached XP level 1. HP: 13/13 MP: 3/3
   190 | D:1      | Reached skill level 3 in Earth Magic
   190 | D:1      | Gained mutation: Your flesh is heat resistant. (rF+) [demonic ancestry]
   190 | D:1      | Reached XP level 2. HP: 19/19 MP: 0/5
   961 | D:2      | Gained mutation: You have a pair of small antennae on your head. [demonic ancestry]
   961 | D:2      | Reached XP level 3. HP: 24/24 MP: 1/7
  1093 | D:$      | Got out of the dungeon alive.

Vault maps used:
D:1:      dpeg_arrival_oval
D:2:      nicolae_overflow_hidden_temple, dk_noncrumbling_4, uniq_robin,
          uniq_natasha

Skill      XL: |  1 |
---------------+----+-----
Earth Magic    | 3 |  3.3
Dodging        | |  1.7
Stealth        | |  1.7
Spellcasting   | |  2.7
Transmutations | |  0.8

Action                   || total
-------------------------++-------
 Cast: Sandblast         ||    37
  Use: Scroll            ||     2
  Eat: Chunk             ||     1
Armor: Robe              ||     1
Dodge: Dodged            ||     8
